[Event "34th GER-ch Seniors-50 2022"]
[Site "Magdeburg"]
[Date "2022.08.14"]
[Round "3.6"]
[White "Puschendorf, Steffen"]
[Black "Hirn, Oskar"]
[Result "0-1"]
[ECO "E09"]
[WhiteElo "2107"]
[BlackElo "2188"]
[Annotator "TA"]
[PlyCount "126"]
[EventDate "2022.08.12"]
[EventType "swiss"]
[EventCountry "GER"]
[SourceTitle "playchess.com"]
[Source "ChessBase"]
[SourceQuality "1"]
[TimeControl "40/5400+30:1800+30"]

1. d4 Nf6 2. c4 e6 3. g3 d5 4. Nf3 c6 5. Qc2 Nbd7 6. Bg2 Be7 7. O-O O-O 8. Nbd2 b6 9. e4 dxe4 10. Nxe4 Nxe4 11. Qxe4 Bb7 12. Rd1 Re8 13. Bf4 Qc8 {[%emt 0:04:51] E09: Closed Catalan: Main Line: 7 Qc2 c6 8 Nbd2.} 14. Ne5 Nxe5 {[%emt 0:01:32] [#]} 15. dxe5 $146 ({Much weaker is} 15. Qxe5 c5 $11) ({Predecessor:} 15. Bxe5 Rd8 16. Rac1 Rd7 17. h4 Qf8 18. h5 Rad8 19. h6 g6 20. Bg7 Qe8 21. Bh3 {1-0 (49) Socko,B (2583)-Dubinski,M (2275) Poland 2017}) 15... Rb8 {[%emt 0:01:34] The position is equal.} 16. Qc2 c5 17. Be4 h6 18. h4 Qc7 19. h5 Red8 20. Qe2 Rd4 21. Rxd4 cxd4 22. b3 Rd8 23. Rd1 Rd7 24. Qf3 Bxe4 25. Qxe4 Bc5 26. Rd3 a5 27. a4 Qd8 28. Bc1 Kh8 29. Kg2 Qc7 30. Kf3 Kg8 31. Kg2 Kh8 $1 32. Kh3 Kg8 33. f4 ({White should play} 33. Bf4 $16) 33... Qd8 34. g4 Kh8 35. Bd2 Be7 36. Be1 Bc5 37. Bh4 Qc8 38. g5 (38. f5 $16) 38... hxg5 $14 39. fxg5 Qe8 ({Black should try} 39... g6 $1 $14) 40. g6 $16 Kg8 41. Rg3 Be7 {[%emt 0:06:40][%mdl 8192] [#] Against Bf6} (41... fxg6 $16 {is tougher.} 42. hxg6 d3 43. Rxd3 Rxd3+ 44. Qxd3 Qf8) 42. Bxe7 $2 ({White must play} 42. Bf6 $1 $18 fxg6 43. Rxg6) 42... Qxe7 $18 {[%emt 0:00:03][%mdl 4096] Endgame [#] KQR-KQR} 43. Rd3 (43. Kg4 $1 $16) 43... Qg5 $11 44. Qg4 (44. Rxd4 $11 {remains equal.} Qxh5+ 45. Kg2 Qg5+ 46. Kf2 Rxd4 47. gxf7+ Kxf7 48. Qxd4) 44... Qxe5 $17 45. gxf7+ (45. Qf3 $17 Kf8 46. gxf7) 45... Kxf7 46. Qg6+ Ke7 47. Rf3 Kd6 {[%emt 0:00:24] aiming for ...Rd8.} 48. Kh4 $2 (48. Qe8) 48... Qe1+ ({Wrong is} 48... Qh2+ $2 49. Kg4 $19) 49. Kg4 Qg1+ 50. Kf4 Qh2+ 51. Ke4 $2 (51. Kg4 Kc7 52. Rd3) 51... Qe2+ $19 52. Kf4 Kc7 53. Rd3 e5+ 54. Kg5 e4 55. Rg3 Qf2 56. Kg4 Qe2+ $2 ({Better is} 56... d3 $19 {( -> ...d2)} 57. c5 bxc5) 57. Kh4 $2 (57. Kg5 $11 d3 58. Qf5) 57... d3 58. c5 bxc5 59. Qa6 Qh2+ 60. Kg4 d2 $2 (60... Qf2 $19 {Threatens to win with ...d2.} 61. Qa8 Qd4 62. Qxa5+ Kb8 63. Qb5+ Rb7) 61. Qxa5+ (61. Qa7+ $11 Kd6 62. Qb8+ Kd5 63. Qg8+ Kd4 64. Qc4+ Ke5 65. Qxc5+ Rd5 66. Qe7+ Kd4 67. Qxg7+ Re5 68. Qd7+ Rd5 69. Qg7+ Re5 70. Qd7+ Rd5 71. Qg7+) 61... Kc6 $2 (61... Kd6 {mates} 62. Qxd2+ Qxd2 63. Kh3 e3 64. h6 gxh6 65. Rg8 e2 66. Rg6+ Ke5 67. Rg8 Rd3+ 68. Kh4 Qf4+ 69. Kh5 Qf5+ 70. Kxh6 Rh3+ 71. Kg7 Rh7#) 62. Qb5+ $11 Kd6 {[%emt 0:00:13] Dancing on a razor blade.} 63. Qb6+ $2 (63. Qb8+ $11 Ke6 64. Qe8+ Kd6 65. Qf8+ Kd5 66. Qg8+ Ke5 67. Qe8+ Kd6 68. Qf8+ Ke6 69. Qf5+ Ke7 70. Qe5+ Kd8 71. Qb8+ Ke7 72. Qe5+ Kf7 73. Qf5+ Ke8 74. Qxe4+ Kd8 75. Qa8+ Kc7 76. Qa7+ Kc8 77. Qxc5+ Kb8 78. Qe5+ Rc7 79. Qe8+ (79. Qb5+ Rb7 $11) 79... Ka7 80. Qe3+ Kb8 81. Qe8+ Ka7 82. Qe3+ Kb8 83. Qe8+) 63... Kd5 {[%emt 0:00:10] Weighted Error Value: White=1.13/Black=0.60} 0-1

[Event "34th GER-ch Seniors-50 2022"]
[Site "Magdeburg"]
[Date "2022.08.14"]
[Round "3.7"]
[White "Pirrot, Dieter"]
[Black "Roettinger, Eugen"]
[Result "1-0"]
[ECO "B12"]
[WhiteElo "2328"]
[BlackElo "2035"]
[Annotator "TA"]
[PlyCount "39"]
[EventDate "2022.08.12"]
[EventType "swiss"]
[EventCountry "GER"]
[SourceTitle "playchess.com"]
[Source "ChessBase"]
[SourceQuality "1"]
[TimeControl "40/5400+30:1800+30"]

1. e4 c6 2. d4 d5 3. f3 e6 4. Nc3 Bb4 5. a3 Bxc3+ 6. bxc3 {[%emt 0:00:08] B12: Caro-Kann: Advance Variation.} dxe4 7. Nh3 exf3 (7... Qa5 $15) 8. Qxf3 $14 {[%emt 0:00:12] [#] White is slightly better.} Qd5 $146 ({Predecessor:} 8... Nf6 9. Bd3 Nbd7 10. O-O h6 11. Nf4 Qe7 12. a4 Nb6 13. Ba3 Qc7 14. Nh5 Nxh5 15. Qxh5 {1-0 (40) Srdanovic,J (2070)-Ooi,Z (2123) Chess.com INT 2020}) 9. Qg4 {[%emt 0:07:32][%mdl 1024] White has compensation.} g6 {[%emt 0:03:46] [#]} (9... Ne7 $14) 10. Bd3 $1 $16 Ne7 11. O-O (11. Qe2 $142) 11... e5 12. Qe2 {[%emt 0:01:33] White is more active.} (12. Qh4 $16) 12... Bxh3 $11 13. gxh3 f5 (13... Qe6 $1 $11 {remains equal.}) 14. Rb1 (14. Qxe5 Qxe5 15. dxe5 Nd7 $11) (14. Bc4 $142 Qa5 15. Rb1 (15. Qxe5 Qxe5 16. dxe5 Nd7 $11) (15. dxe5 Nd5 $14)) 14... b6 (14... Qe6 $16) 15. Bc4 $36 {[%emt 0:10:39][%mdl 2048] White is really pushing.} ({Inferior is} 15. dxe5 Qe6 $11) ({Worse is} 15. Qxe5 Qxe5 16. dxe5 Nd7 $11) 15... Qa5 16. dxe5 {[%emt 0:10:01][%cal Bd4e5,Be5e6,Be6d7][%mdl 32] And now Rd1 would win.} ({Stronger than} 16. Qxe5 Qxe5 17. dxe5 Nd7 $11) 16... Nd7 {[%emt 0:02:46] [#]} 17. Bf7+ $1 Kxf7 18. e6+ Kf6 (18... Ke8 {keeps fighting.} 19. exd7+ Kxd7) 19. exd7 {[%emt 0:00:18] Dancing on a razor blade.} Nd5 $2 (19... Kf7 {was called for.} 20. c4 Qc5+ 21. Be3 Qe5) 20. c4 {[%emt 0:07:25] Weighted Error Value: White=0.18 (very precise) /Black=0.59} (20. Kh1 $142 Rhd8 21. Re1) 1-0

[Event "34th GER-ch Seniors-50 2022"]
[Site "Magdeburg"]
[Date "2022.08.14"]
[Round "3.8"]
[White "De Roda Husman, Juan"]
[Black "Erlach, Olaf"]
[Result "1-0"]
[ECO "C43"]
[WhiteElo "2266"]
[BlackElo "2016"]
[Annotator "TA"]
[PlyCount "57"]
[EventDate "2022.08.12"]
[EventType "swiss"]
[EventCountry "GER"]
[SourceTitle "playchess.com"]
[Source "ChessBase"]
[SourceQuality "1"]
[TimeControl "40/5400+30:1800+30"]

1. e4 e5 2. Nf3 Nf6 3. d4 Nxe4 4. Bd3 d5 5. Nxe5 Nd7 6. Nxd7 Bxd7 7. O-O Bd6 8. Nc3 $1 {[%emt 0:00:53][%mdl 4] is more profitable than 8.c4 at the moment.} Nxc3 9. bxc3 O-O 10. Qh5 {[%emt 0:01:29][%csl Gd3,LRd5,LRh7][%cal Rh5h7] [#] Prevents Qh4. C43: Petroff Defence: 3 d4.} f5 11. Bg5 Qe8 12. Qf3 {[%emt 0:10:57] The position is equal.} Qf7 {[%emt 0:02:23] Hoping for ...f4.} 13. Bf4 $1 Bxf4 14. Qxf4 {[%emt 0:00:09] [#]} Bc6 $146 ({Predecessor:} 14... Rac8 15. Rab1 Bc6 16. Rfe1 b6 17. Re5 Bd7 18. Ba6 Rce8 19. h3 h6 20. Bd3 Bc8 {1-0 (70) Liyanage,R (2282)-Coto Mederos,M (2348) Chess.com INT 2021}) 15. Rfe1 g6 16. Re5 Rae8 17. Rae1 Rxe5 18. dxe5 Qe7 19. h4 b5 20. h5 g5 (20... a6 $14) 21. Qd4 $16 {[%emt 0:01:00] White is more active.} h6 (21... a6 $16 22. e6 f4) 22. e6 ({Not} 22. Qxa7 Ra8 23. Qe3 f4 $16) 22... Rf6 23. Qe5 Be8 (23... f4 $142 24. Bg6 a5) 24. Qxd5 $18 ({Don't take} 24. Bxf5 c6 25. g4 a5 $18) 24... c6 25. Qe5 f4 26. Bg6 Bxg6 27. hxg6 Rxg6 28. Qe4 Rf6 29. Qxc6 {[%emt 0:01:08] Weighted Error Value: White=0.09 (flawless) /Black=0.28 (precise)} 1-0

[Event "34th GER-ch Seniors-50 2022"]
[Site "Magdeburg"]
[Date "2022.08.15"]
[Round "4.1"]
[White "Wacker, Peter"]
[Black "Pirrot, Dieter"]
[Result "1/2-1/2"]
[ECO "B01"]
[WhiteElo "2263"]
[BlackElo "2328"]
[Annotator "TA"]
[PlyCount "47"]
[EventDate "2022.08.12"]
[EventType "swiss"]
[EventCountry "GER"]
[SourceTitle "playchess.com"]
[Source "ChessBase"]
[SourceQuality "1"]
[TimeControl "40/5400+30:1800+30"]

1. e4 d5 2. exd5 Qxd5 3. Nc3 Qa5 4. d4 Nf6 5. Nf3 Bf5 6. Bd2 e6 {[%emt 0:00:35] now supersedes 6...c6. B01: Scandinavian Defence.} 7. Ne5 {[%emt 0:09:15] g4 is the strong threat.} Bb4 {[%emt 0:04:59] [#]} (7... Qb6 $11) 8. Nc4 $1 $16 Qa6 {[%emt 0:00:48] White is clearly better.} 9. Ne3 Qb6 10. Nxf5 exf5 {[%emt 0:00:09] [#]} 11. Qe2+ $146 ({Predecessor:} 11. Qf3 Qe6+ 12. Be2 c6 13. O-O O-O 14. Bd3 g6 15. Rfe1 Qd7 16. Bg5 Qxd4 17. Rad1 {1-0 (43) Pedersen,B (1860)-Bratteteig,T (1671) Helsingor 2011}) 11... Qe6 12. O-O-O {[%emt 0:02:03] [#] aiming for Qb5+.} Bxc3 13. Qxe6+ fxe6 14. Bxc3 c6 15. Bc4 {[%emt 0:04:33] Hoping for Rhe1.} Nd5 16. Rde1 Kf7 17. Bd2 b5 18. Be2 a5 19. g4 Nd7 20. Bf3 a4 21. gxf5 exf5 {[%emt 0:00:12] The position is equal.} 22. Bxd5+ cxd5 23. Bf4 Rhe8 24. f3 {[%emt 0:00:06] Inhibits Re4.  Weighted Error Value: White=0.12 (very precise) /Black=0.21 (precise)} 1/2-1/2

[Event "34th GER-ch Seniors-50 2022"]
[Site "Magdeburg"]
[Date "2022.08.15"]
[Round "4.2"]
[White "Zude, Arno"]
[Black "Krause, Ullrich"]
[Result "1/2-1/2"]
[ECO "C18"]
[WhiteElo "2371"]
[BlackElo "2190"]
[Annotator "TA"]
[PlyCount "81"]
[EventDate "2022.08.12"]
[EventType "swiss"]
[EventCountry "GER"]
[SourceTitle "playchess.com"]
[Source "ChessBase"]
[SourceQuality "1"]
[TimeControl "40/5400+30:1800+30"]

1. e4 e6 2. d4 d5 3. Nc3 Bb4 4. e5 c5 5. a3 Bxc3+ 6. bxc3 Qa5 7. Bd2 Qa4 8. Qg4 g6 9. Nf3 {[%emt 0:02:27][%cal Oc3c4] C18: French: 3 Nc3 Bb4: Main line: 7 h4 and 7 Qg4.} Nc6 {[%emt 0:03:48] 9...c4 is vanishing.} 10. Be2 Bd7 11. Qh4 (11. O-O $14) 11... c4 (11... Qxc2 $11 12. O-O (12. dxc5 h6 $11) 12... cxd4 13. cxd4 Qe4) 12. Ra2 h6 13. O-O Nce7 14. Bg5 Qa5 15. a4 (15. Rfa1 $14) 15... Bc6 (15... Bxa4 $11 {remains equal.} 16. g3 b5) 16. Rb1 (16. Bf6 Nf5 17. Qf4 Nxf6 18. exf6 g5 $17) (16. Rfa1 $16) 16... Qc7 (16... Nc8 $1 $11) 17. a5 $36 {[%emt 0:01:18][%mdl 2048] Black is under pressure.} O-O-O 18. Bc1 {[%emt 0:05:10] [#]} Rf8 $146 (18... Nf5 $14 19. Qh3 h5) ({Predecessor:} 18... Kb8 19. Ba3 Ka8 20. Bc5 g5 21. Qh5 Ng6 22. g3 Qd7 23. Rab2 N8e7 24. Nd2 Nf5 {½-½ (47) Sorcinelli,A (2249)-Mroczek,J (2259) LSS email 2016}) 19. Ba3 $16 f5 (19... g5 $16 20. Qg4 f5) 20. exf6 $18 Nxf6 21. Ne5 Nf5 22. Qh3 {[%emt 0:00:55] White is more active.} Rfg8 23. Rab2 $1 Rg7 (23... Ne4 $16) 24. Bg4 $2 (24. a6 $6 b6 $16) ({White should try} 24. Bc5 $1 $18) 24... Kb8 (24... Ne4 $1 $11) 25. Bxf5 $16 gxf5 (25... exf5 $16 {might work better.} 26. Bc5 Ne4) 26. Qe3 (26. Nxc6+ $18 Qxc6 27. Qe3) 26... Ka8 27. Nxc6 Qxc6 (27... Rhg8 $142 28. Rxb7 (28. Ne5 Rxg2+ 29. Kf1 Qxa5 $17) 28... Rxg2+ 29. Kf1 Qxc6) 28. Qe5 $18 Rf7 {[%emt 0:00:50] [#]} 29. f3 (29. Rb6 $1 $18 {[%cal Rb6c6][%mdl 512] is the precise move to win.} axb6 30. axb6) 29... Rg8 $16 30. Re1 Re8 31. Qd6 Qxd6 32. Bxd6 Nd7 33. Rb5 Rg7 34. g3 {[%emt 0:00:46] And now Rxd5 would win.} ({Worse is} 34. Rxd5 Reg8 35. Rb5 (35. Rxe6 $2 Rxg2+ 36. Kf1 Rg1+ 37. Kf2 R8g2+ 38. Ke3 Re1+ 39. Kf4 Rxe6 $19) 35... Rxg2+ 36. Kf1 Rg1+ 37. Ke2 R8g2+ 38. Kd1 Rxe1+ 39. Kxe1 Rxc2 $17) 34... Rgg8 35. Kf2 h5 36. h4 b6 37. Reb1 a6 38. R5b2 (38. Rxb6 $5 Nxb6 39. Rxb6 $14) 38... b5 {[%emt 0:00:16] The position is equal.} 39. Re1 Kb7 40. Rbb1 Kc6 41. Bf4 {[%emt 0:04:48] Weighted Error Value: White=0.23 (precise) /Black=0.28 (precise)} 1/2-1/2

[Event "34th GER-ch Seniors-50 2022"]
[Site "Magdeburg"]
[Date "2022.08.15"]
[Round "4.3"]
[White "Raitza, Olaf"]
[Black "Pitschka, Claus"]
[Result "0-1"]
[ECO "B07"]
[WhiteElo "2289"]
[BlackElo "2188"]
[Annotator "TA"]
[PlyCount "139"]
[EventDate "2022.08.12"]
[EventType "swiss"]
[EventCountry "GER"]
[SourceTitle "playchess.com"]
[Source "ChessBase"]
[SourceQuality "1"]
[TimeControl "40/5400+30:1800+30"]

1. e4 d6 2. d4 Nf6 3. Nc3 e5 4. dxe5 dxe5 5. Qxd8+ Kxd8 6. Bc4 Ke8 $1 {[%emt 0:01:17][%mdl 4] is recently more successful than 6...Be6.} 7. Nf3 Bd6 8. h3 {[%emt 0:02:39] B07: Pirc Defence: Miscellaneous Systems.} c6 9. a4 Ke7 10. Be3 {[%emt 0:01:50] [#] White has an edge.} Be6 $146 ({Predecessor:} 10... Nbd7 11. a5 Bb4 12. Nd2 Bc5 13. Ke2 Bxe3 14. Kxe3 Nc5 15. Nb3 Nxb3 16. cxb3 Ne8 {½-½ (52) Lizak,P (2457)-Jovanovic,Z (2503) Chess.com INT 2020}) 11. Bxe6 Kxe6 12. O-O-O h6 {[%emt 0:08:17] Against Ng5+} 13. Nh4 g6 {[%emt 0:06:03] Prevents Nf5.} 14. g3 Bb4 15. f4 $1 Bxc3 16. f5+ Ke7 (16... gxf5 $14 17. exf5+ Ke7 18. Bc5+ Ke8 19. bxc3 Nbd7) 17. bxc3 g5 18. Nf3 (18. Bc5+ $1 $14 Ke8 19. Nf3) 18... Nbd7 $36 {[%emt 0:09:46][%mdl 2048] Black has the initiative.} 19. Rhe1 g4 ({Much less strong is} 19... Nxe4 20. Nxe5 $1 Nxe5 21. Bd4 $16) 20. hxg4 Nxg4 21. Bg1 Rhd8 22. Rd3 Nb6 23. Bc5+ Ke8 24. Rxd8+ (24. Rh1 {is interesting.} Nxa4 25. Bg1 Ke7 26. Rh4) 24... Rxd8 25. a5 (25. Bxb6 $5 axb6 26. Rh1 $15) 25... Nc4 26. Rh1 {[%emt 0:02:58] [#]} b6 $1 27. Bg1 Nxa5 {[%emt 0:04:55] Black is more active.} 28. Rh4 h5 29. Rxh5 {[%emt 0:00:19] [#]} Nc4 ({Black should try} 29... Ke7 $1 $17) 30. Rh4 $1 Nf6 31. g4 {[%emt 0:03:32] Strongly threatening g5.} Nxe4 32. g5 Ned6 {[%emt 0:00:33] Threatens to win with ...e4. Pair of Knights!} 33. g6 $2 {[%emt 0:00:54] Loses the game.} (33. Bh2 $1 $15) 33... fxg6 $19 34. fxg6 {[%emt 0:01:07][%cal Bf5g6,Bg6g7][%mdl 32] Black must now prevent Rh8+.} Ke7 35. Rg4 (35. Bh2 $142) 35... Rf8 36. g7 Rg8 (36... Rxf3 37. Kd1 Rf8 38. gxf8=R Kxf8 39. Rg6 $17) 37. Bh2 (37. Rg6 $17) 37... Kf6 38. Nd2 $2 (38. Rg1 {was necessary.}) 38... b5 ({Wrong is} 38... Rxg7 $2 39. Rxc4 Nxc4 40. Nxc4 $19) (38... Nxd2 $142 39. Kxd2 Nf7) 39. Nf3 e4 ({Worse is} 39... Rxg7 40. Rxg7 Kxg7 41. Nxe5 $17) 40. Nd2 (40. Bxd6 Nxd6 41. Rf4+ Kxg7 42. Nd4) 40... Rxg7 41. Rf4+ Kg5 42. Nxe4+ Nxe4 43. Rxe4 {[%emt 0:00:00][%mdl 4096] Endgame KRB-KRN} Kf5 44. Re2 (44. Re1 {keeps fighting.}) 44... a5 45. Kb1 a4 46. Ka2 Rg4 47. Bc7 (47. Bb8 $142) 47... Re4 48. Rf2+ Ke6 49. Bd8 Re1 50. Bf6 Rd1 {[%emt 0:00:00] And now ...Rd2 would win.} 51. Bg5 {[%emt 0:00:00] Against Rd2} Rd5 52. Bh6 Rf5 53. Re2+ Kd5 54. Bg7 Rf3 55. Rh2 Rg3 56. Bf6 Rg6 57. Bd4 Ke4 58. Re2+ Kf3 59. Rf2+ Kg3 60. Re2 (60. Rf8 $17) 60... Rh6 61. Ba7 Rh7 62. Bb8+ Kf3 63. Re6 Rb7 64. Bh2 (64. Bd6 $17 {was worth a try.}) 64... Rg7 {[%emt 0:00:00] aiming for ...Rg2.} 65. Rxc6 Rg2 66. Rxc4 $2 (66. Rh6 $19) 66... bxc4 {[%emt 0:00:00] Black mates.} 67. Be5 Ke4 68. Bf6 Rxc2+ 69. Ka3 Kd5 70. Kxa4 {[%emt 0:00:05] Weighted Error Value: White=0.27 (precise) /Black=0.22 (precise)} 0-1

[Event "34th GER-ch Seniors-50 2022"]
[Site "Magdeburg"]
[Date "2022.08.15"]
[Round "4.4"]
[White "Reddmann, Hauke"]
[Black "De Roda Husman, Juan"]
[Result "1/2-1/2"]
[ECO "B06"]
[WhiteElo "2181"]
[BlackElo "2266"]
[Annotator "TA"]
[PlyCount "60"]
[EventDate "2022.08.12"]
[EventType "swiss"]
[EventCountry "GER"]
[SourceTitle "playchess.com"]
[Source "ChessBase"]
[SourceQuality "1"]
[TimeControl "40/5400+30:1800+30"]

1. d4 d6 2. e4 g6 3. Be3 Bg7 4. Nc3 a6 5. Qd2 Nd7 6. f3 h6 {[%emt 0:01:12] B06: Modern Defence.} 7. a4 b6 8. Bc4 e6 {[%emt 0:02:41] White is slightly better.} 9. Nge2 Ne7 10. h4 {[%emt 0:00:46][%cal Bh2h4,Bh4h5][%mdl 32] White is more active.} Bb7 {[%emt 0:01:47] [#]} 11. h5 $146 (11. Nf4 $5 ) ({Predecessor:} 11. Nf4 e5 12. Nfe2 c6 13. Ba2 b5 14. h5 g5 15. dxe5 dxe5 16. O-O-O Bc8 17. Ng3 {1-0 (33) Mesropov,K (2422)-Mozharov,M (2558) Moscow 2019}) 11... g5 12. d5 (12. f4 $14) 12... exd5 $11 13. exd5 Nf5 14. Bf2 Qf6 15. Ra2 (15. Bd3 $14 {keeps the upper hand.}) 15... Ne5 (15... O-O {feels hotter.} 16. Bd3 Rae8 17. Kd1 Nc5) 16. Bb3 O-O 17. O-O Rae8 18. Ne4 Qe7 19. N2c3 (19. Rd1 $142) 19... Bc8 20. Raa1 Kh8 21. Rae1 Qd8 22. Kh1 $2 (22. a5 $17) 22... Rg8 $2 (22... g4 $1 $19 23. Kg1 gxf3) 23. Qd1 (23. Kg1 $17) 23... g4 $1 $19 24. fxg4 {[%emt 0:02:37] [#]} Nxg4 25. Qxg4 {[%emt 0:01:33] aiming for Qh3.} Bxc3 26. Qf3 (26. Qxg8+ Rxg8 27. bxc3) 26... Be5 $1 {[%emt 0:01:33] Strongly threatening ...Rg7.} (26... Bxe1 27. Rxe1 Re5 28. c3 $17) 27. c3 {[%emt 0:06:26] [#]} Nh4 $2 (27... Rg7 $1 $19 {has better winning chances.} 28. Bd1 Reg8) 28. Qe3 $17 Nf5 (28... Kh7 $17 29. g3 f5 30. gxh4 Rg4) 29. Qf3 $19 {[%emt 0:01:12] [#]} Nh4 $2 (29... Rg7 $1 $19 {and Black stays clearly on top.} 30. Bd1 Reg8) 30. Qe3 $17 Nf5 {[%emt 0:13:52] Weighted Error Value: White=0.41/Black=0.70} (30... Kh7 $17 31. g3 f5) 1/2-1/2

[Event "34th GER-ch Seniors-50 2022"]
[Site "Magdeburg"]
[Date "2022.08.15"]
[Round "4.5"]
[White "Lindam, Ingo"]
[Black "Koscielski, Janusz"]
[Result "0-1"]
[ECO "D02"]
[WhiteElo "2130"]
[BlackElo "2255"]
[Annotator "TA"]
[PlyCount "104"]
[EventDate "2022.08.12"]
[EventType "swiss"]
[EventCountry "GER"]
[SourceTitle "playchess.com"]
[Source "ChessBase"]
[SourceQuality "1"]
[TimeControl "40/5400+30:1800+30"]

1. d4 d5 2. Nf3 e6 3. Bf4 Nf6 4. Nbd2 Bd6 5. Bg3 O-O 6. e3 c5 7. c3 Qc7 8. Bd3 Nbd7 9. O-O {[%emt 0:00:46] D02: 1 d4 d5 2 Nf3 sidelines, including 2...Nf6 3 g3 and 2...Nf6 3 Bf4.} Bxg3 10. hxg3 e5 {[%emt 0:00:16] Threatens to win with ...e4.} 11. e4 {[%emt 0:03:04] The position is equal.} dxe4 12. Nxe4 Nxe4 13. Bxe4 Nf6 14. Bc2 exd4 15. cxd4 Rd8 16. Rc1 {[%emt 0:05:29] [#]} Qa5 $146 ({Predecessor:} 16... Qd6 17. dxc5 Qf8 18. Qe2 Be6 19. a3 a5 20. Ng5 Bg4 21. Qe3 Bh5 22. Bb1 Rac8 {1-0 (41) Ocelak,J (2210)-Krzywda,A (2110) Chess.com INT 2021}) 17. Bb3 cxd4 18. Re1 (18. Nxd4 Bg4 19. f3 Qb6 20. fxg4 Rxd4 $17) 18... Be6 19. Bxe6 fxe6 20. Qb3 Qd5 21. Qxd5 Rxd5 22. Rxe6 Rad8 23. Re7 d3 24. Rxb7 (24. Nd2 $11) 24... d2 $17 25. Rd1 Rc8 {[%emt 0:02:39] Prevents Rc7. aiming for ...Rc1.} 26. Kf1 {[%emt 0:03:21] Now White is beyond hope.} (26. Rxa7 $2 Rc1 27. Nxd2 Rxd1+ 28. Nf1 Rc1 $19) (26. Nxd2 $17 Rcd8 27. f3) 26... Rc1 $19 27. Ke2 Rxd1 28. Kxd1 Ne4 29. Nxd2 ({Don't play} 29. Rb8+ Kf7 30. Nxd2 (30. Rb7+ $2 Kf6 $19) 30... Rxd2+ 31. Ke1 Rc2) 29... Rxd2+ {[%emt 0:00:22][%mdl 4096] Endgame KRN-KR} 30. Ke1 Rc2 ({Wrong is} 30... Rxf2 $2 31. Re7 $17) 31. Rxa7 Rxb2 32. Ra8+ Kf7 33. Ra4 $2 (33. Ra5) 33... Nc3 $2 (33... Rb1+ 34. Ke2 Nc3+ 35. Ke3 Nxa4) 34. Ra7+ Kf6 {[%emt 0:03:17] ...Re2+ is the strong threat.} 35. Ra6+ Ke5 {[%emt 0:05:02] And now ...Re2+ would win.} 36. Ra7 $2 {[%emt 0:00:00] [#]} (36. Ra5+ Kd4 37. Ra7) 36... Re2+ $1 37. Kf1 Rxa2 38. f4+ Kf6 39. Rc7 Nd5 40. Rc6+ Kf7 (40... Kf5 $142 41. Rc5 Ke4) 41. Kg1 h6 42. Kh2 Ne3 43. Kh3 Rxg2 {[%emt 0:00:00] Strongly threatening ...Rg1.} 44. Rc7+ Kg8 45. Rc8+ {[%emt 0:00:00] [#]} Kh7 $1 46. Re8 Re2 {[%emt 0:00:00] ( -> ...h5)} 47. Ra8 Re1 (47... h5 $142 48. Rf8 Nf1 49. Kh4 Rh2+ 50. Kg5 Nxg3 51. Re8 Rg2 52. Re5 Ne2+ 53. Kf5 Nd4+ 54. Ke4 Re2+ 55. Kxd4 Rxe5 56. fxe5 Kg6 57. Kd5 Kf7 58. Kd6 Ke8 59. Kd5 Ke7 60. Ke4 Ke6 61. Kf3 Kxe5 62. Kg3 g5 63. Kf3 h4 64. Kg2 g4 65. Kg1 h3 66. Kf2 Kf4 67. Ke2 g3 68. Ke1 h2 69. Ke2 g2 70. Ke1 h1=Q+ 71. Kd2 g1=Q 72. Kc2 Qc6+ 73. Kb2 Qgb6+ 74. Ka3 Qa8#) 48. Kh2 h5 49. Ra5 Kh6 50. Ra6+ g6 51. Rb6 Re2+ 52. Kh1 Nf5 {[%emt 0:00:00] Weighted Error Value: White=0.82/Black=0.33} 0-1

[Event "34th GER-ch Seniors-50 2022"]
[Site "Magdeburg"]
[Date "2022.08.15"]
[Round "4.6"]
[White "Hirn, Oskar"]
[Black "Juegel, Marcel"]
[Result "1/2-1/2"]
[ECO "D02"]
[WhiteElo "2188"]
[BlackElo "2126"]
[Annotator "TA"]
[PlyCount "53"]
[EventDate "2022.08.12"]
[EventType "swiss"]
[EventCountry "GER"]
[SourceTitle "playchess.com"]
[Source "ChessBase"]
[SourceQuality "1"]
[TimeControl "40/5400+30:1800+30"]

1. Nf3 Nc6 2. d4 d5 3. Bf4 Bf5 4. e3 e6 5. c3 Bd6 6. Bg3 {[%emt 0:03:29] D02: 1 d4 d5 2 Nf3 sidelines, including 2...Nf6 3 g3 and 2...Nf6 3 Bf4.} Nge7 7. Nbd2 a6 {[%emt 0:01:21] [#]} 8. Nh4 $146 {[%emt 0:01:14] White has an edge.} ({Predecessor:} 8. Be2 Bxg3 9. hxg3 Qd6 10. Nh4 O-O 11. Nxf5 Nxf5 12. Qc2 g6 13. g4 Nxe3 14. fxe3 {1-0 (35) Kristiansen,H-Tummasarson,F (1235) Faroe Islands 2018}) 8... Qd7 9. Nxf5 Nxf5 10. Bxd6 Qxd6 11. Bd3 Nce7 12. e4 Nh4 ({Black should play} 12... dxe4 $14 13. Nxe4 Qc6) 13. g3 $16 Nhg6 14. e5 $36 {[%emt 0:00:48][%mdl 2048] White is on the roll.} Qb6 15. b4 f6 16. exf6 gxf6 17. O-O h5 18. Qf3 f5 19. Rfe1 {[%emt 0:01:04] Against e5. Nb3 is the strong threat. White is more active.} O-O-O {[%emt 0:02:32] [#]} (19... e5 $16 {was worth a try.}) 20. Nb3 $1 $18 Rdf8 (20... Kb8 {is a better defense.} 21. Nc5 Nf8) 21. Nc5 e5 22. dxe5 h4 23. g4 h3 24. Kf1 $2 ({Not} 24. gxf5 Nh4 25. Qe2 (25. Qxh3 Nhxf5 26. Na4 Qc6 $19) 25... Nexf5 $16) ({White must play} 24. Bxf5+ $18 Nxf5 25. gxf5) 24... Nh4 25. Qxh3 {[%emt 0:02:52] [#]} (25. Qg3 $1 $11) 25... Nhg6 {[%emt 0:05:03] Pair of Knights!} (25... Qc6 $1 $17) 26. Qf3 (26. Qg3 $1 $14) 26... Nh4 $11 27. Qh3 {[%emt 0:00:02] Weighted Error Value: White=0.39/Black=0.32} 1/2-1/2